Map: 强酸工厂 - 天梯版

Players

bahfahh

  • Race: Zerg Zerg
  • League: Master
  • Spawn Location: 11:00

IIIIIIIIIIII - Winner!

  • Race: Terran Terran
  • League: Master
  • Spawn Location: 5:00

VOD

Have the link to the VOD?

Description

Time

  • Played on: July 7, 2018, 8:01 a.m.
  • Length: 18:17
Show
View Real Time Build Order
Export as new Build Order

bahfahh Zerg 

Build Orders: Hatch First 

Get SALT Encoding   

  12  0:01  Drone  
  13  0:12  Overlord  
  13  0:20  Drone  
  14  0:30  Drone x2  
  14  0:34  Drone  
  17  0:45  Drone  
  18  0:57  Hatchery  
  17  1:06  Extractor  
  16  1:12  Spawning Pool  
  16  1:15  Drone  
  16  1:17  Drone  
  17  1:22  Drone  
  18  1:29  Drone  
  19  1:40  Drone  
  20  1:58  Overlord  
  20  1:59  Queen  
  22  2:08  Queen  
  24  2:10  Zergling x2  
  24  2:11  Zergling x2, Metabolic Boost  
  26  2:18  Zergling x2  
  26  2:20  Drone  
  28  2:30  Overlord  
  28  2:31  Drone  
  28  2:36  Drone  
  30  2:37  Queen  
  32  2:46  Queen  
  32  2:49  Drone  
  35  2:52  Overlord  
  37  2:58  Drone x2  
  37  3:03  Drone  
  38  3:11  Drone x3  
  41  3:19  Drone x5  
  46  3:26  Drone  
  47  3:30  Drone  
  47  3:31  Drone  
  49  3:40  Hatchery  
  48  3:44  Drone  
  49  4:00  Drone  
  49  4:01  Drone x2, Overlord x2  
  52  4:04  Extractor x2  
  52  4:09  Roach Warren  
  49  4:10  Drone x3, Evolution Chamber  
  51  4:17  Drone  
  51  4:19  Overlord  
  52  4:24  Lair  
  53  4:31  Drone x2  
  53  4:32  Drone x2  
  53  4:33  Extractor  
  53  4:36  Zerg Missile Weapons Level 1  
  55  4:41  Spore Crawler  
  55  4:42  Spore Crawler  
  55  4:43  Drone  
  55  4:44  Drone x3  
  57  4:56  Roach x6  
  69  5:00  Spore Crawler  
  69  5:04  Drone  
  69  5:05  Drone x3  
  72  5:13  Overlord x2  
  72  5:26  Overlord  
  72  5:32  Drone  
  72  5:33  Drone x9  
  82  5:42  Overlord  
  81  5:43  Glial Reconstitution  
  81  5:51  Overlord x2  
  81  5:52  Overlord x2, Drone, Extractor  
  81  5:53  Drone x2, Extractor  
  82  6:03  Drone  
  82  6:04  Drone  
  84  6:05  Drone, Evolution Chamber  
  84  6:11  Drone x2  
  86  6:12  Drone x2  
  86  6:15  Roach  
  86  6:16  Roach x4  
  98  6:26  Roach x5  
  108  6:38  Roach x6  
  120  6:44  Hatchery  
  119  6:51  Ravager  
  111  6:58  Ravager  
  111  6:59  Ravager  
  111  7:00  Ravager x6  
  117  7:02  Overlord x3  
  117  7:04  Roach x6  
  117  7:06  Overlord x2  
  129  7:14  Overlord  
  129  7:15  Overlord  
  129  7:18  Zerg Missile Weapons Level 2, Zerg Ground Armor Level 1  
  129  7:24  Ravager  
  129  7:25  Ravager x4  
  129  7:26  Zergling x10  
  129  7:27  Zergling x2  
  140  7:32  Zergling x4  
  140  7:33  Overseer  
  142  7:38  Overlord x2  
  142  7:40  Zergling x2  
  142  7:44  Burrow  
  140  8:12  Roach  
  141  8:13  Roach x10  
  141  8:19  Drone x8  
  169  8:26  Roach  
  160  8:27  Roach x2  
  164  8:35  Roach x2  
  164  8:39  Baneling Nest  
  167  8:53  Roach x12  
  191  8:59  Evolution Chamber  
  190  9:06  Drone  
  190  9:07  Drone x2  
  190  9:09  Extractor x2  
  191  9:13  Ravager  
  191  9:14  Ravager x8  
  200  9:21  Spine Crawler  
  200  9:23  Spine Crawler  
  198  9:30  Centrifical Hooks  
  198  9:33  Zerg Ground Armor Level 2  
  198  9:34  Zerg Melee Weapons Level 1  
  120  9:54  Roach, Zergling x2  
  120  9:55  Roach x15  
  114  10:01  Roach  
  114  10:02  Roach  
  114  10:05  Zergling x2  
  114  10:06  Zergling x4  
  121  10:09  Roach  
  121  10:10  Roach x7  
  121  10:13  Overseer  
  137  10:18  Baneling x2  
  137  10:21  Ravager x3  
  140  10:22  Zergling x10  
  140  10:25  Baneling x6  
  140  10:27  Zergling x2  
  146  10:31  Zergling x2  
  146  10:32  Zergling x10  
  150  10:46  Zergling x16  
  158  10:50  Baneling  
  158  10:51  Baneling x3  
  158  10:52  Hatchery  
  156  11:03  Ravager x7  
  156  11:04  Ravager x2  
  157  11:05  Zergling x18  
  165  11:15  Zergling x2  
  165  11:16  Zergling x8  
  170  11:21  Drone x5  
  175  11:29  Overlord x3  
  175  11:30  Roach  
  177  11:34  Zerg Melee Weapons Level 2  
  167  11:48  Roach x3, Hatchery  
  167  11:49  Roach x5  
  182  12:01  Baneling x17  
  182  12:03  Zergling x4, Extractor  
  182  12:05  Hatchery, Extractor  
  172  12:13  Zergling x12  
  150  12:24  Overlord  
  150  12:29  Roach x5  
  117  12:33  Baneling  
  117  12:34  Baneling x9  
  114  12:42  Infestation Pit  
  113  12:46  Drone x5  
  113  12:50  Ravager  
  113  12:51  Ravager x5  
  124  12:53  Ravager  
  124  12:54  Zergling x2  
  124  12:55  Zergling x4  
  128  13:01  Drone  
  128  13:02  Drone  
  128  13:03  Drone x5  
  135  13:06  Baneling x4  
  135  13:07  Baneling x2  
  135  13:10  Queen  
  137  13:20  Drone  
  137  13:25  Roach  
  137  13:26  Roach x8  
  156  13:27  Baneling x3  
  156  13:28  Baneling x3  
  156  13:29  Hive  
  156  13:38  Drone  
  143  13:55  Spore Crawler  
  143  14:00  Zergling x6  
  143  14:01  Zergling x28  
  159  14:06  Queen  
  159  14:08  Drone  
  159  14:09  Drone x5  
  167  14:13  Extractor  
  166  14:18  Queen  
  166  14:22  Roach x7  
  182  14:25  Baneling  
  182  14:26  Baneling x17  
  181  14:41  Zergling x6  
  181  14:42  Zergling x26  
  151  14:55  Zergling x12  
  152  15:00  Ultralisk Cavern  
  152  15:01  Zerg Melee Weapons Level 3  
  152  15:02  Zerg Missile Weapons Level 3, Zerg Ground Armor Level 3  
  148  15:07  Zergling x6  
  148  15:08  Zergling x12  
  138  15:24  Roach x2  
  138  15:25  Roach x6  
  154  15:40  Hatchery  
  153  15:44  Baneling  
  153  15:45  Baneling x5  
  153  15:50  Zergling x2  
  153  15:51  Ultralisk  
  159  15:59  Roach  
  159  16:00  Roach x2  
  106  16:33  Ultralisk x3  
  97  16:40  Zergling x2  
  97  16:41  Zergling x12  
  105  16:56  Extractor  
  105  16:57  Zergling x2  
  105  16:58  Zergling x10  
  105  17:00  Hatchery  
  109  17:04  Baneling  
  109  17:05  Baneling x5  
  84  17:31  Ultralisk x2  
Show
View Real Time Build Order
Export as new Build Order

IIIIIIIIIIII Terran - Winner!

Build Orders: Reaper Expand, Bio Tank 

Get SALT Encoding   

  12  0:01  SCV  
  13  0:13  SCV  
  14  0:17  Supply Depot  
  14  0:25  SCV  
  15  0:38  SCV  
  15  0:40  Barracks  
  16  0:44  Refinery  
  16  0:51  SCV  
  17  1:03  SCV  
  18  1:15  SCV  
  19  1:27  Orbital Command, Reaper  
  20  1:39  Command Center  
  20  1:50  Supply Depot  
  20  1:53  SCV  
  21  1:59  Marine  
  22  2:05  SCV  
  23  2:14  Factory  
  23  2:17  SCV  
  23  2:21  Barracks Reactor  
  25  2:30  SCV  
  25  2:35  Command Center  
  25  2:42  SCV  
  26  2:52  Orbital Command  
  26  2:54  SCV  
  27  3:00  Starport  
  27  3:06  SCV  
  27  3:12  Refinery  
  28  3:15  Barracks Tech Lab  
  28  3:17  SCV  
  28  3:18  SCV  
  28  3:19  Hellion x2  
  34  3:29  SCV  
  34  3:30  SCV  
  36  3:42  SCV x2  
  36  3:43  Hellion x2  
  42  3:48  Orbital Command  
  42  3:51  Viking  
  42  3:54  SCV x2  
  46  3:56  Barracks Tech Lab  
  46  4:05  Supply Depot  
  46  4:06  SCV x2  
  48  4:18  SCV x2  
  48  4:19  Barracks  
  48  4:20  Barracks  
  48  4:21  SCV  
  51  4:30  SCV  
  51  4:34  SCV x2  
  51  4:38  Factory Reactor  
  53  4:39  Engineering Bay, Starport Reactor  
  53  4:41  Engineering Bay  
  53  4:42  SCV  
  53  4:44  Refinery  
  53  4:45  Refinery, Marine  
  55  4:46  SCV x2  
  55  4:47  Stimpack  
  57  4:54  SCV  
  57  4:57  Supply Depot  
  57  4:58  SCV  
  57  4:59  SCV  
  60  5:03  Supply Depot, Marine  
  60  5:06  SCV  
  62  5:08  Marine x2  
  62  5:11  SCV  
  65  5:19  Medivac x2  
  65  5:20  SCV  
  65  5:21  Terran Infantry Armor Level 1, Terran Infantry Weapons Level 1, Marine  
  71  5:23  Marine x2  
  71  5:24  SCV  
  71  5:26  Supply Depot, Marine  
  71  5:27  Supply Depot, Orbital Command  
  75  5:32  SCV  
  75  5:34  Marine  
  75  5:35  Barracks  
  77  5:37  Barracks  
  77  5:38  SCV, Marine  
  77  5:40  Marine  
  77  5:41  Marine  
  81  5:44  SCV, Marine  
  83  5:50  SCV  
  83  5:51  Marine  
  83  5:53  SCV  
  83  5:56  Marine  
  83  5:57  SCV  
  88  5:58  Marine x2, Siege Tank  
  88  6:02  SCV, Marine  
  95  6:05  SCV  
  95  6:08  Supply Depot x2  
  95  6:09  SCV, Marine  
  95  6:10  Refinery x2  
  98  6:14  SCV, Marine  
  98  6:16  Marine  
  101  6:19  Armory  
  101  6:24  Barracks Reactor  
  101  6:25  Barracks Reactor  
  101  6:29  SCV x3, Marine x3  
  101  6:31  Supply Depot  
  101  6:32  Supply Depot, Marine  
  108  6:34  Marine  
  108  6:36  Siege Tank  
  112  6:40  Medivac x2  
  112  6:41  SCV  
  117  6:48  Combat Shields  
  117  6:51  SCV, Marine  
  117  6:52  Marine x4  
  117  6:53  SCV  
  117  6:54  Supply Depot, SCV  
  120  7:01  Marine x3  
  116  7:02  Marine  
  116  7:03  Supply Depot, SCV  
  116  7:04  Factory  
  124  7:08  Siege Tank  
  124  7:09  Marine  
  124  7:10  Marine x4  
  129  7:16  Supply Depot x2  
  129  7:19  Marine x3  
  129  7:20  Terran Infantry Weapons Level 2, Marine, Terran Infantry Armor Level 2  
  133  7:23  Terran Vehicle And Ship Armor Level 1  
  133  7:27  Marine  
  134  7:37  Marine x3  
  134  7:38  Marine x5  
  134  7:41  Siege Tank  
  134  7:42  Medivac x2  
  149  7:44  Marine  
  149  7:47  Supply Depot x2  
  149  7:48  Supply Depot  
  150  7:55  Marine x5  
  149  8:03  Marine x2  
  149  8:05  Marine x2  
  142  8:12  Medivac x2  
  145  8:13  Marine x5, Siege Tank  
  151  8:20  Command Center  
  151  8:21  Marine x2  
  151  8:24  Marine x2  
  153  8:33  Marine x5  
  156  8:40  Supply Depot x2, Marine  
  144  8:42  Marine  
  144  8:45  Siege Tank  
  145  8:49  Marine  
  145  8:50  Marine x2  
  145  8:55  Marine x2  
  150  9:01  Marine x3  
  153  9:10  Marine x4  
  153  9:12  Marine  
  153  9:13  Marine  
  159  9:17  Siege Tank  
  162  9:29  Marine x3  
  162  9:30  Marine  
  166  9:31  Marine x2  
  166  9:34  Supply Depot  
  168  9:40  Terran Infantry Armor Level 3, Terran Infantry Weapons Level 3  
  168  9:44  Marine x3  
  154  9:51  Marine x3  
  154  9:52  Marine  
  116  9:55  SCV  
  104  10:01  Marine x2  
  104  10:08  Medivac x2  
  104  10:09  Marine x3  
  111  10:16  Marine x2  
  111  10:19  Marine  
  114  10:22  SCV x2  
  114  10:25  Marine  
  117  10:39  Marine x2  
  117  10:40  Marine  
  120  10:45  Siege Tank  
  120  10:47  Marine x5  
  120  10:48  Orbital Command  
  120  10:49  SCV x2  
  130  11:01  Marine  
  130  11:02  Marine x2  
  128  11:04  SCV  
  128  11:05  SCV, Marine x2  
  128  11:06  Marine x4  
  128  11:07  Factory  
  136  11:14  SCV  
  136  11:17  SCV x2  
  136  11:18  Siege Tank  
  142  11:19  Marine  
  145  11:26  SCV  
  145  11:29  SCV x2  
  145  11:31  Command Center  
  146  11:38  SCV  
  146  11:41  SCV x2  
  145  11:53  Factory Tech Lab  
  145  11:55  Barracks  
  145  11:57  Barracks  
  145  12:11  Marauder, Marine x4, Siege Tank x2  
  145  12:12  Marine x2  
  145  12:14  Marine x2  
  145  12:26  Medivac x2  
  145  12:29  Marine x5  
  145  12:33  Marauder  
  145  12:34  Marine x2  
  145  12:36  Marine  
  151  12:41  Refinery  
  151  12:43  Siege Tank x2  
  157  12:45  Barracks Tech Lab  
  157  12:46  Barracks Tech Lab  
  157  12:47  Marine x2  
  159  12:54  Marauder  
  161  12:59  Marine x2  
  163  13:08  Planetary Fortress  
  163  13:13  Sensor Tower  
  163  13:14  Missile Turret x2  
  163  13:15  Siege Tank x2  
  163  13:16  Marauder  
  171  13:22  Marauder x2, Marine x5  
  171  13:23  Marine  
  181  13:28  SCV  
  181  13:29  SCV x2  
  184  13:36  Marine  
  184  13:37  Marauder, Marine  
  184  13:40  Marine  
  189  13:43  Marauder x2  
  189  13:47  Siege Tank  
  192  13:53  Siege Tank  
  192  13:54  Marine x2  
  192  13:55  Marine  
  192  13:58  Marauder  
  184  14:04  Marauder  
  186  14:12  Refinery  
  186  14:13  Refinery  
  186  14:19  Siege Tank  
  189  14:25  Medivac, Siege Tank  
  189  14:26  Medivac  
  196  14:32  Missile Turret  
  193  14:47  Marauder x3, Marine x2  
  193  14:48  Marine  
  193  14:49  Marine x5  
  193  14:51  Siege Tank  
  195  14:57  Siege Tank  
  195  15:05  Marine x2  
  195  15:06  Marine  
  195  15:07  Marine x2  
  200  15:19  Marauder, Marine  
  200  15:37  Command Center  
  200  15:53  Orbital Command  
  200  15:58  Marine  
  200  16:03  Siege Tank  
  200  16:04  Siege Tank  
  196  16:13  Marauder  
  196  16:14  Marauder  
  185  16:22  Command Center  
  176  16:31  Marauder, Command Center  
  169  16:34  Marine  
  169  16:35  Marauder x2, Marine x2  
  169  16:36  Siege Tank  
  173  16:53  Marauder  
  175  17:02  Factory Tech Lab  
  175  17:08  Siege Tank  
  178  17:24  Siege Tank  
  178  17:29  Marauder x2  
  180  17:30  Marauder  
  180  17:32  Marine x2  
  180  17:33  Marine x3  
  180  17:34  Marine  
  186  17:40  Siege Tank  
  188  17:51  Marauder x3  
Tags
 
Add a new tag
Caveats
  • Supply blocks, unpowered buildings, or Contaminate may cause inaccurate times.
  • Supply counts are checked every 10 seconds.